← All builds
Suicide front / Armada / Factory first / OBSERVED BUILD

Standard suicide front

Armada Suicide front build order · Supreme Isthmus

The role's baseline: Bot Lab at 0:21 then straight into reclaim-fed T1 bot production to contest the middle and hold until T2 arrives, with an Advanced Metal Extractor around 9:45.

#rush · 2007 distinct matches · 229 players · 72% of Armada Suicide front games · team won 59% of 2381 · Recently observed

HOW TO PLAY IT

Key timing: Bot Lab by 0:20

  1. Open with mex and lab-first to get Bot Lab up by 0:20.
  2. Expand mex and wind while lab pumps units toward middle.
  3. Push Sentry and early Rocketeer, Centurion to contest middle.
  4. Get T2 constructor out once Pond's boost lets you spare metal.
  5. Upgrade mex to Advanced Metal Extractor as you transition off T1 spam.

Phase by phase

TYPICAL OF ITS 2007 GAMES
  1. 1
  2. 2
  3. 3
PLAY THE OPENING

Follow the example game's first 6:00 step by step: what to build now, what comes next, and where it goes. At 1× it keeps pace with your own game.

  1. 1

    Bot Lab first

    Order
    1. Bot LabBot Lab done ~0:21, middle half 0:20–0:33

    Some games also: mex (44%)

  2. 2

    Bot Lab to 5:00

    Economy
    • Metal Extractor5Mex
    • Wind Turbine4Wind
    Builders
    • Construction Bot3 Con bot
    • Lazarus2 Lazarus
    Army
    • Sentry4 Sentry
    • Rocketeer16 Rocketeer
    • Tick2 Tick
    • Centurion1 Centurion
    Other
    • Radar Tower1 Radar Tower

    Some games also: pawn (38%) · con turret (34%)

    By 5:00 in all: 5 mex · 4 wind

    The example game in this phase · 24 steps
    1. Radar TowerRadar Tower
    2. TickTick ×2
    3. Mex
    4. TickTick
    5. Wind
    6. LazarusLazarus
    7. Wind
    8. Construction BotCon bot
    9. CenturionCenturion
    10. SentrySentry
    11. RocketeerRocketeer ×5
    12. TickTick
    13. CenturionCenturion
    14. RocketeerRocketeer ×4
    15. Mex
    16. RocketeerRocketeer
    17. TickTick
    18. CenturionCenturion
    19. RocketeerRocketeer
    20. Radar TowerRadar Tower
    21. RocketeerRocketeer ×3
    22. Mex
    23. RocketeerRocketeer
    24. LazarusLazarus
  3. 3

    5:00 to 10:00

    Economy
    • Metal Extractor1Mex
    • Wind Turbine15Wind
    Builders
    • Construction Turret2 Con turret
    • Lazarus2 Lazarus
    • Construction Bot1 Con bot
    Army
    • Sentry1 Sentry
    • Rocketeer8 Rocketeer

    Some games also: pawn (49%) · Radar Tower (46%) · tick (45%) · centurion (44%) · energy storage (43%) · eat Bot Lab (31%)

    By 10:00 in all: 6 mex · 21 wind · 1 energy storage · 2 con turret

    The example game in this phase · 161 steps
    1. TickTick
    2. CenturionCenturion
    3. RocketeerRocketeer ×2
    4. Construction BotCon bot
    5. Con turret
    6. Construction BotCon bot
    7. RocketeerRocketeer ×3
    8. LazarusLazarus
    9. Wind
    10. TickTick
    11. CenturionCenturion
    12. Wind
    13. RocketeerRocketeer
    14. Wind
    15. RocketeerRocketeer
    16. Wind
    17. RocketeerRocketeer
    18. Wind
    19. RocketeerRocketeer ×2
    20. Wind
    21. LazarusLazarus
    22. Wind
    23. RocketeerRocketeer ×2
    24. Wind
    25. TickTick
    26. RocketeerRocketeer
    27. Wind
    28. RocketeerRocketeer
    29. Wind
    30. RocketeerRocketeer
    31. LazarusLazarus
    32. Wind
    33. TickTick ×3
    34. Wind
    35. TickTick ×2
    36. Wind
    37. TickTick
    38. Advanced Metal ExtractorT2 mexdone 10:01 · typical 9:46
    39. TickTick
    40. Wind
    41. TickTick ×5
    42. CenturionCenturion
    43. TickTick
    44. LazarusLazarus
    45. Wind
    46. PawnPawn
    47. TickTick
    48. Wind
    49. PawnPawn
    50. Advanced Metal ExtractorT2 mex
    51. Wind
    52. TickTick
    53. BeamerBeamer
    54. PawnPawn
    55. BeamerBeamer
    56. TickTick
    57. Wind
    58. PawnPawn
    59. BeamerBeamer
    60. TickTick
    61. Con turret ×2
    62. PawnPawn
    63. BeamerBeamer
    64. TickTick
    65. Radar TowerRadar Tower
    66. Advanced Metal ExtractorT2 mex
    67. PawnPawn
    68. TickTick
    69. PawnPawn
    70. TickTick
    71. PawnPawn
    72. TickTick
    73. PawnPawn
    74. TickTick
    75. BeamerBeamer
    76. LazarusLazarus
    77. PawnPawn
    78. TickTick
    79. Wind
    80. PawnPawn
    81. Wind
    82. TickTick
    83. PawnPawn
    84. TickTick
    85. RattlesnakeRattlesnakedone 12:54
    86. Wind
    87. PawnPawn
    88. Wind
    89. TickTick
    90. PawnPawn
    91. TickTick
    92. Wind
    93. PawnPawn
    94. TickTick
    95. Wind
    96. PawnPawn
    97. Wind
    98. TickTick
    99. Wind
    100. PawnPawn
    101. TickTick
    102. Wind
    103. Dragon's TeethDragon's Teeth
    104. PawnPawn
    105. Dragon's TeethDragon's Teeth
    106. TickTick
    107. Dragon's TeethDragon's Teeth
    108. Wind
    109. LazarusLazarus
    110. Dragon's TeethDragon's Teeth ×3
    111. PawnPawn
    112. Dragon's TeethDragon's Teeth ×2
    113. Wind
    114. Dragon's TeethDragon's Teeth
    115. TickTick
    116. Dragon's TeethDragon's Teeth
    117. PawnPawn
    118. Fortification WallFortification Wall
    119. Dragon's TeethDragon's Teeth
    120. TickTick
    121. Wind
    122. PawnPawn
    123. Dragon's TeethDragon's Teeth
    124. Fortification WallFortification Wall
    125. TickTick
    126. Dragon's TeethDragon's Teeth
    127. Wind
    128. PawnPawn
    129. Dragon's TeethDragon's Teeth
    130. TickTick
    131. PawnPawn
    132. Dragon's TeethDragon's Teeth
    133. TickTick
    134. Dragon's TeethDragon's Teeth
    135. Wind
    136. PawnPawn
    137. TickTick
    138. PawnPawn
    139. TickTick
    140. PawnPawn
    141. TickTick
    142. PawnPawn
    143. TickTick
    144. Wind
    145. LazarusLazarus
    146. Wind
    147. PawnPawn
    148. TickTick
    149. PawnPawn
    150. Wind
    151. TickTick
    152. PawnPawn
    153. Wind
    154. TickTick
    155. PawnPawn
    156. TickTick
    157. PawnPawn
    158. TickTick
    159. PawnPawn
    160. Wind
    161. TickTick ×2

Counts are medians over the build's games: half of them build more, half fewer. The example game is Ubilosis's (31 OS, 11/09/2026); pick another.

Team trades

IN AT LEAST 30% OF ITS GAMES

You hand over

Nothing regular.

You get

  • Tidal Generator4 Tidal from Pondfirst at 0:10 · in 68% of games
  • Advanced Construction Bot1 T2 con bot from Geo or Techfirst at 7:41 · in 57% of games

How it plays out

Typical game of this build, running totals by minute

Metal produced

010k20k
0:005:0010:0015:00

metal

Enemy metal destroyed

05k10k
0:005:0010:0015:00

metal

Own metal lost

05k10k
0:005:0010:0015:00

metal

2381 games.

Show as table
ByMetal produced: This buildEnemy metal destroyed: This buildOwn metal lost: This build
1:0023000
2:0088700
3:002009184130
4:003110645502
5:00418513571001
6:00534921831713
7:00653930512597
8:00776039383502
9:00904546934382
10:001041853145176
11:001189258555965
12:001360364066686
13:001541268767439
14:001729875038212
15:001926981098997
WHAT THE NUMBERS SAY

Standard Suicide front play wins a bit over half its games while taking the heaviest own losses of any role by 15:00.

  • + Produces 20142 metal by 15:00, highest of the front roles.
  • + First kill by 2:01 in all games, fastest contest of middle.
  • − Own metal lost hits 9178 by 15:00, more than enemy metal destroyed.
  • − Only 34% Rocketeer share shows army spread thin across many bot types.
THE EXAMPLE YOU ARE READING

Ubilosis

31.0 OS · 11/09/2026

Open source match ↗

6 received units · includes a constructor
332 metal received · 26390 energy received

Allied construction assistance is unknown. Timings are observations, not a promise of solo reproducibility.

Typical milestones

Bot Lab0:21Middle 50%: 0:20–0:33 · n=2373
Advanced Metal Extractor9:46Middle 50%: 8:50–10:58 · n=1721

Played most by

_X_262games of this buildPlatinumBlonde188games of this buildXad166games of this buildTrapCaT107games of this buildImmort80games of this build